 Dungeon Crawl Stone Soup version 0.16.2-2-g470672f (webtiles) character file.

167 CrazyArbalest the Bolt Thrower (level 5, -2/42 HPs)
             Began as a Centaur Hunter on Aug 20, 2015.
             Slain by a worker ant (5 damage)
             ... on level 3 of the Dungeon on Aug 21, 2015.
             The game lasted 00:15:15 (4179 turns).

CrazyArbalest the Bolt Thrower (Centaur Hunter)     Turns: 4179, Time: 00:15:16

Health: -2/42      AC:  4    Str: 15    XL:     5   Next: 23%
Magic:  4/4        EV:  9    Int: 10    God:
Gold:   172        SH:  0    Dex: 10    Spells: 0 memorised, 4 levels left

rFire  . . .     SeeInvis .     a - +0 whip
rCold  . . .     Clarity  .     d - +0 leather armour
rNeg   . . .     SustAb   +     (no shield)
rPois  .         Gourm    .     (no helmet)
rElec  .         Spirit   .     (no cloak)
rCorr  +         Warding  .     (no gloves)
rMut   .         Stasis   .     (no barding)
MR     .....                    o - amulet of resist corrosion (curse)
Stlth  +.........               (no ring)
                                w - ring of sustain abilities

@: lethally poisoned (-2 -> -14), very quick, not resistant to hostile
enchantments, very unstealthy
A: hooves 3, deformed body, speed 2, tough skin 3
a: no special abilities


You were on level 3 of the Dungeon.
You were not hungry.

You visited 1 branch of the dungeon, and saw 4 of its levels.

You collected 172 gold pieces.

Inventory:

Hand weapons
 a - a +0 whip (weapon)
 b - a +1 hand crossbow
 e - a +0 whip
 j - a +0 mace
 t - a cursed -2 dagger
 A - a +0 hand axe
 B - a +0 whip
Missiles
 c - 18 bolts
Armour
 d - a +0 leather armour (worn)
 k - a +2 cloak
 y - a +2 pair of gloves of archery
Jewellery
 o - a cursed amulet of resist corrosion (around neck)
 w - a ring of sustain abilities (left hand)
Scrolls
 g - 3 scrolls of remove curse {unknown}
 h - 6 scrolls of identify {unknown}
 i - a scroll of random uselessness {unknown}
 l - 2 scrolls of amnesia {unknown}
 m - 2 scrolls of teleportation {unknown}
 n - a scroll of fear {unknown}
 q - 3 scrolls of enchant armour {unknown}
 r - a scroll of noise {unknown}
 C - a scroll of fog {unknown}
Books
 u - a book of Dreams

   Spells                             Type                      Level
   a - Ensorcelled Hibernation        Hexes/Ice                    2
   b - Flight                         Charms/Air                   3
   c - Phase Shift                    Translocation                5
   d - Shadow Creatures               Summoning                    5
   e - Mass Confusion                 Hexes                        6
   f - Darkness                       Hexes                        7
Comestibles
 f - 5 bread rations
 p - 4 fruits
 s - 2 meat rations
 v - a chunk of flesh
 D - 2 slices of pizza


   Skills:
 + Level 2.6 Fighting
 + Level 0.3 Maces & Flails
 * Level 5.7 Crossbows
 + Level 1.2 Armour
 + Level 2.2 Dodging
 + Level 0.7 Stealth


You had 4 spell levels left.
You didn't know any spells.

Dungeon Overview and Level Annotations

Branches:
Dungeon (4/15)
 Temple: D:4-7

Altars:
Qazlal


Innate Abilities, Weirdness & Mutations

You have hooves in place of feet.
Armour fits poorly on your strangely shaped body.
You cover ground very quickly.
You have extremely tough skin (AC +3).


Message History

Put on which piece of jewellery? (? for menu, Esc to quit)
w - a ring of sustain abilities (left hand)
* * * LOW HITPOINT WARNING * * *
You feel sick.
Unknown command.
* * * LOW HITPOINT WARNING * * *
You feel sick.
* * * LOW HITPOINT WARNING * * *
You feel sick.
Put on which piece of jewellery? (? for menu, Esc to quit)
Okay, then.
Wear which item? (? for menu, Esc to quit)
Keep equipping yourself?
* * * LOW HITPOINT WARNING * * *
You feel sick.
You start putting on your armour.
You continue putting on your pair of runed gloves.
* * * LOW HITPOINT WARNING * * *
You feel sick. The worker ant bites you.
You die...

####################
#.........##...a@..#
#.#######.##.#####.#
#.#######.##.# #.#
....[.......a# #.#
#.#####.#.##.# #.#
#.####....##.#####.#
#.........##..>....#
######...######.####
# ##.## #.####


You could see a worker ant.

Vanquished Creatures
  2 orc wizards (D:3)
  3 adders
  3 worms
  An ooze (D:3)
  6 orcs
  7 goblins
  8 hobgoblins
  2 jackals (D:2)
  8 kobolds
  A ball python (D:3)
  4 bats
  A giant cockroach (D:1)
  A giant gecko (D:3)
  2 giant newts (D:1)
  12 rats
61 creatures vanquished.

Notes
Turn   | Place    | Note
--------------------------------------------------------------
     0 | D:1      | CrazyArbalest, the Centaur Hunter, began the quest for the Orb.
     0 | D:1      | Reached XP level 1. HP: 17/17 MP: 1/1
   413 | D:1      | Reached XP level 2. HP: 11/24 MP: 2/2
   789 | D:1      | You fall through a shaft!
  1333 | D:1      | Reached skill level 5 in Crossbows
  1691 | D:2      | Reached XP level 3. HP: 29/29 MP: 3/3
  2889 | D:3      | Reached XP level 4. HP: 33/37 MP: 3/3
  3061 | D:3      | Reached skill level 1 in Armour
  3166 | D:3      | Found a stormy altar of Qazlal.
  3734 | D:3      | Reached XP level 5. HP: 27/42 MP: 4/4
  4068 | D:4      | Noticed an ice beast
  4179 | D:3      | Slain by a worker ant

Action                   |  1- 3 |  4- 6 || total
-------------------------+-------+-------++-------
Melee: Whip              |   153 |   105 ||   258
       Short sword       |    10 |       ||    10
 Fire: Hand crossbow     |    15 |     3 ||    18
  Use: Potion            |       |     3 ||     3
  Eat: Chunk             |     5 |     3 ||     8
